 Dungeon Crawl Stone Soup version 0.28-a0-1594-ga885d4b3d6 (webtiles) character file.

Game seed: 18179434484574109992

14 lonewolfV2 the Magician (level 2, -1/21 HPs)
             Began as a Djinni Conjurer on Jan 20, 2022.
             Frozen to death by an endoplasm (4 damage)
             ... on level 1 of the Dungeon.
             The game lasted 00:01:10 (776 turns).

lonewolfV2 the Magician (Djinni Conjurer)            Turns: 776, Time: 00:01:11

Health: -1/21      AC:  2    Str:  6    XL:     2   Next: 55%
Gold:   30         EV: 12    Int: 19    God:
                   SH:  0    Dex: 11

rFire   + + .      SeeInvis .   (no weapon)
rCold   x . .      Faith    .   (no shield)
rNeg    . . .      Spirit   .   a - +0 robe
rPois   ∞          Reflect  .   (no helmet)
rElec   .          Harm     .   (no cloak)
rCorr   .          Rampage  .   (no gloves)
Will    .....                   (boots unavailable)
Stlth   ++........              (no amulet)
HPRegen 0.07/turn               (no ring)
MPRegen 0.00/turn               (no ring)

@: flying
A: sickness immunity, fire resistance 2, cold vulnerability 1, float, innate
caster, hp casting, extra vitality 1
a: no special abilities


You were on level 1 of the Dungeon.
You visited 1 branch of the dungeon, and saw 1 of its levels.

You collected 30 gold pieces.

Inventory:

Armour
 a - a +0 robe (worn)
Jewellery
 b - a ring of ice
Scrolls
 c - a scroll of enchant armour {unknown}
Potions
 d - a potion of might {unknown}
 e - a potion of magic {unknown}


   Skills:
 + Level 2.2 Dodging
 + Level 1.5 Stealth
 + Level 3.7 Spellcasting


You couldn't memorise any spells.
You knew the following spells:

 Your Spells              Type           Power      Damage    Failure   Level
a - Magic Dart            Conj           68%        1d6       3%          1
b - Searing Ray           Conj           34%        2d5       4%          2
c - Dazzling Flash        Conj/Hex       34%        N/A       10%         3
d - Fulminant Prism       Conj/Hex       8%         3d7       30%         4
e - Iskenderun's Mystic   Conj/Tloc      17%        2d5       30%         4
Your spell library was empty.

Dungeon Overview and Level Annotations

Branches:
Dungeon (1/15)

Altars:


Innate Abilities, Weirdness & Mutations

You are immune to sickness and miasma.
You are immune to poison.
Your flesh is very heat resistant. (rF++)
You are vulnerable to cold. (rC-)
You float through the air rather than walking.
You learn spells naturally, not from books.
Your magical power is your life essence.
You have superior vitality. (+4 MHP)


Message History

The searing ray hits the goblin.
You kill the goblin!
The searing ray hits the kobold.
The kobold is severely wounded. (Press . to maintain the ray.)
The searing ray hits the kobold.
You kill the kobold!
Casting: Searing Ray (safe; 4% risk of failure)
Confirm with . or Enter, or press ? or * to list all spells.
Aiming: Magic Dart (safe; 3% risk of failure)
Press: ? - help, Shift-Dir - straight line, f - endoplasm
Aim: an endoplasm (100% to hit)
The magic dart hits the endoplasm.
The endoplasm is severely wounded.
Casting: Magic Dart (safe; 3% risk of failure)
Confirm with . or Enter, or press ? or * to list all spells.
Aiming: Magic Dart (safe; 3% risk of failure)
Press: ? - help, Shift-Dir - straight line, f/p - endoplasm
Aim: an endoplasm (severely wounded, 100% to hit)
The magic dart hits the endoplasm.
The endoplasm is almost dead.
You hit the endoplasm.
The endoplasm is almost dead.
The endoplasm hits you.
You hit the endoplasm but do no damage.
The endoplasm is almost dead.
The endoplasm freezes you.
You are frozen!
You feel a terrible chill!
You hit the endoplasm but do no damage.
The endoplasm is almost dead.
The endoplasm freezes you.
You are frozen.
You feel a terrible chill!
* * * LOW HITPOINT WARNING * * *
A hobgoblin comes into view.
The hobgoblin shouts!
You hit the endoplasm but do no damage.
The endoplasm is almost dead.
The endoplasm freezes you.
You are frozen.
You feel a terrible chill!
You die...

#....#
##.### #.#
#.######
#......#
#.#..#.#
#....# .
#..###..g.
#.@.).#
#.J.#.#
#.### #
#.# #.# ..
#. #.


You could see an endoplasm and a hobgoblin.

Vanquished Creatures
  A bat (D:1)
  An endoplasm (D:1)
  A goblin (D:1)
  A hobgoblin (D:1)
  4 jackals (D:1)
  A kobold (D:1)
  A ball python (D:1)
  A rat (D:1)
11 creatures vanquished.

Notes
Turn   | Place    | Note
-------+----------+-------------------------------------------
     0 | D:1      | lonewolfV2 the Djinni Conjurer began the quest for the Orb.
     0 | D:1      | Reached XP level 1. HP: 15/15 MP: 0/0
     2 | D:1      | Noticed a tengu
     2 | D:1      | Noticed a draconian
     4 | D:1      | Noticed an ogre
     4 | D:1      | Noticed a felid
     8 | D:1      | Noticed a naga
    10 | D:1      | Noticed a minotaur
    12 | D:1      | Noticed a formicid
    12 | D:1      | Noticed an octopode
    14 | D:1      | Noticed a gargoyle
    14 | D:1      | Noticed a vine stalker
    16 | D:1      | Noticed a spriggan
    18 | D:1      | Noticed an elf
    18 | D:1      | Noticed a vampire
    20 | D:1      | Noticed a troll
    20 | D:1      | Noticed a demonspawn
    22 | D:1      | Noticed a human
    22 | D:1      | Noticed a dwarf
    24 | D:1      | Noticed a ghoul
    24 | D:1      | Noticed a demigod
    26 | D:1      | Noticed a merfolk
   317 | D:1      | Reached XP level 2. HP: 17/21 MP: 0/0
   776 | D:1      | Frozen to death by an endoplasm

Illustrated notes

Levels and vault maps discovered:
D:1:      kb_arrival_jail, layout_basic, ebering_ecumenical_altar_hall,
          minmay_misc_feat_rugged, minmay_pentomino_v2

Action                   || total
-------------------------++-------
Melee: Unarmed           ||     4
 Cast: Magic Dart        ||    17
       Searing Ray       ||     2
Armor: Robe              ||     2
Dodge: Dodged            ||     4

Table legend: (Time is in decaauts)
 A = Elapsed time spent in this place.
 B = Non-inter-level travel time spent in this place.
 C = Inter-level travel time spent in this place.
 D = Time resting spent in this place.
 E = Time spent auto-exploring this place.
 F = Levels seen in this place.
 G = Mean time per level.
                   A        B        C        D        E       F      G
               +--------+--------+--------+--------+--------+-----+--------+
         Total |    776 |    776 |      0 |    422 |    291 |   1 |  776.0 |
       Dungeon |    776 |    776 |      0 |    422 |    291 |   1 |  776.0 |
               +--------+--------+--------+--------+--------+-----+--------+

Top non-repeatable levels by time:
     D:1: 776 daAuts
